 Dungeon Crawl Stone Soup version 0.28-a0-1190-g77e1c55843 (webtiles) character file.

Game seed: 11389862869743418806

144 Turgor the Caller (level 5, -1/21 HPs)
             Began as a Felid Summoner on Dec 18, 2021.
             Killed by divine providence
             ... invoked by an orc priest
              (8 damage)
             ... on level 3 of the Dungeon on Dec 19, 2021.
             The game lasted 00:29:51 (2802 turns).

Turgor the Caller (Felid Summoner)                  Turns: 2802, Time: 00:29:52

Health: -1/21      AC:  1    Str: 12    XL:     5   Next: 5%
Magic:  13/20      EV: 17    Int: 16    God:
Gold:   175        SH:  0    Dex: 17    Spells: 2/11 levels left
                                        Lives:  0   Deaths: 1

rFire   . . .      SeeInvis +   (weapon unavailable)
rCold   . . .      Faith    .   (shield unavailable)
rNeg    . . .      Spirit   .   (armour unavailable)
rPois   .          Reflect  .   (helmet unavailable)
rElec   .          Harm     .   (cloak unavailable)
rCorr   .          Rampage  .   (gloves unavailable)
Will    .....                   (boots unavailable)
Stlth   ++........              (no amulet)
HPRegen 0.07/turn               e - ring of magical power
MPRegen 0.17/turn               l - +6 ring of strength

@: quick
A: very small, claws 1, fangs 3, see invisible, speed 1, shaggy fur 1, stealthy
paws, no weapons or thrown items, no armour, multi-lived
a: no special abilities


You were on level 3 of the Dungeon.
You visited 1 branch of the dungeon, and saw 4 of its levels.

You collected 175 gold pieces.

Inventory:

Jewellery
 e - a ring of magical power (left paw)
 l - a +6 ring of strength (right paw)
Scrolls
 b - a scroll of amnesia {unknown}
 c - 2 scrolls of identify
 d - a scroll of vulnerability {unknown}
 f - a scroll of acquirement {unknown}
 g - a scroll of enchant armour {unknown}
 h - a scroll of enchant weapon {unknown}
 i - a scroll of fog {unknown}
 k - a scroll of summoning {unknown}
Potions
 a - a potion of ambrosia
 j - 2 potions of curing


   Skills:
 + Level 0.5 Fighting
 - Level 2.6 Dodging
 - Level 3.0 Stealth
 + Level 3.6 Spellcasting
 * Level 6.1 Summonings


You had 2 spell levels left.
You knew the following spells:

 Your Spells              Type           Power      Damage    Failure   Level
a - Summon Small Mammal   Summ           88%        N/A       1%          1
b - Call Imp              Summ           22%        N/A       1%          2
c - Call Canine Familiar  Summ           22%        N/A       4%          3
d - Summon Guardian Gole  Hex/Summ       12%        N/A       14%         3

Your spell library contained the following spells:

 Spells                   Type           Power      Damage    Failure   Level
 Summon Lightning Spire   Summ/Air       12%        N/A       43%         4
 Ozocubu's Armour         Ice            2%         N/A       47%         3
 Metabolic Englaciation   Hex/Ice        1%         N/A       99%         5
 Simulacrum               Ice/Necr       1%         N/A       100%        6


Dungeon Overview and Level Annotations

Branches:
Dungeon (4/15)
 Temple: D:4-7

Altars:


Innate Abilities, Weirdness & Mutations

You have sharp claws.
You have razor-sharp teeth.
You have supernaturally acute eyesight. (SInv)
You cover ground quickly. (Speed+)
You are covered in fur. (AC +1)
Your paws help you pounce on unaware monsters.
You are incapable of wielding weapons or throwing items.
You cannot wear armour.
You gain extra lives every three experience levels.


Message History

Unknown command.
The orc priest hits your hound with a +0 mace.
Your hound closely misses the orc priest.
Your hound bites the orc priest but does no damage.
The orc priest mumbles some strange prayers to Beogh against you.
Beogh smites you!
Ouch! That really hurt!
* * * LOW HITPOINT WARNING * * *
Unknown command.
Found 3 scrolls of identify.
Your hound bites the orc priest.
The orc priest hits your hound with a +0 mace!
Your hound completely misses the orc priest.
Your magical contamination has completely faded away.
Your hound bites the orc priest.
Your white imp gestures at the orc priest.
The puff of frost misses the orc priest.
The orc priest barely misses your white imp.
Your hound closely misses the orc priest.
Your hound bites the orc priest.
Your white imp misses the orc priest.
The orc priest hits your white imp but does no damage.
Your hound barely misses the orc priest.
Your white imp misses the orc priest.
The orc priest hits your white imp with a +0 mace.
Your hound bites the orc priest but does no damage.
Your hound bites the orc priest.
Your white imp barely misses the orc priest.
The orc priest hits your white imp but does no damage.
Your hound bites the orc priest but does no damage.
Your white imp gestures at the orc priest.
The puff of frost misses the orc priest.
The orc priest hits your white imp with a +0 mace.
Your hound barely misses the orc priest.
Your hound bites the orc priest but does no damage.
Your white imp gestures at the orc priest.
The puff of frost hits the orc priest!
The orc priest dies!
Welcome back to level 5!
The orc priest mumbles some strange prayers to Beogh against you.
Beogh smites you!
You die...

#.# ##....# .
#.#######.....##.#
#########.................
...........#####.......o..
..#
#######......o..)......#
... #.#.#####.#..o..## #
#.# #.#.#####.##5...##.#
#o#
#.#.##.............#####.##
#......###@...........##o##
##.###.# #..†......##.##)##
#.# #.###.##.###..##.##>##
#.# #.....##.# # ?##<##.##
#.# ###.####.# #. ##.##†##
#.# #.# #.# #.. #.##..) #.#
###.# #.# #..##.##### #.#
#...# #.# #.........# #.#
#.### #.# #.##....#.†


You could see an orc priest, an orc and a friendly white imp (summoned).

Vanquished Creatures
  An adder (D:2)
  An orc (D:3)
  2 giant cockroaches
  2 goblins
  A jackal (D:2)
  A kobold (D:1)
  4 ball pythons
  A bat (D:2)
  A frilled lizard (D:2)
  2 rats (D:2)
16 creatures vanquished.

Vanquished Creatures (collateral kills)
  An ice beast (D:3)
  An orc priest (D:3)
  Jessica (D:2)
  A hound skeleton (D:4)
  3 adders
  3 orcs (D:3)
  3 bats
  5 endoplasms
  A goblin (D:3)
  6 hobgoblins
  7 kobolds
  A quokka (D:3)
  4 ball pythons
  A frilled lizard (D:3)
  2 rats
40 creatures vanquished.

Grand Total: 56 creatures vanquished

Notes
Turn   | Place    | Note
-------+----------+-------------------------------------------
     0 | D:1      | Turgor the Felid Summoner began the quest for the Orb.
     0 | D:1      | Reached XP level 1. HP: 7/7 MP: 4/4
   280 | D:1      | Reached XP level 2. HP: 11/11 MP: 6/6
   570 | D:1      | Learned a level 2 spell: Call Imp
   842 | D:2      | Reached XP level 3. HP: 13/14 MP: 7/7
   887 | D:2      | Noticed Jessica
  1481 | D:2      | Found a faded altar of an unknown god.
  1689 | D:3      | Noticed an ice beast
  1712 | D:3      | Killed an ice beast
  1713 | D:3      | Reached skill level 5 in Summonings
  1713 | D:3      | Reached XP level 4. HP: 6/18 MP: 9/9
  1713 | D:3      | Reached XP level 5. HP: 7/21 MP: 10/10
  1723 | D:2      | Learned a level 3 spell: Call Canine Familiar
  1727 | D:2      | Learned a level 3 spell: Summon Guardian Golem
  1946 | D:2      | Killed Jessica
  2450 | D:3      | You fall into a shaft and drop 1 floor!
  2463 | D:4      | Reached skill level 6 in Summonings
  2532 | D:3      | Killed from afar by an orc priest
  2533 | D:3      | Reached XP level 4. HP: -7/18 MP: 9/19
  2801 | D:3      | Reached XP level 5. HP: 7/21 MP: 11/11
  2802 | D:3      | Killed from afar by an orc priest

Illustrated notes

Levels and vault maps discovered:
D:1:      shiori_arrival_elements, layout_rooms
D:2:      layout_loops_corners, dreamdust_ecumenical_altar_statues,
          minmay_misc_feat_nine_boxes, minmay_pentomino_pile, uniq_jessica
D:3:      layout_loops_ring
D:4:      old_forge, layout_gridville, minmay_temple_entry_slanted,
          serial_shops, nicolae_diamond_shop

Skill      XL: |  1  2  3  4  5 |
---------------+----------------+-----
Stealth        | 3 |  3.0
Spellcasting   | 3 |  3.6
Summonings     | 5 6 |  6.1
Fighting       | |  0.5
Dodging        | |  2.6

Action                   |  1- 3 |  4- 6 || total
-------------------------+-------+-------++-------
Melee: Unarmed           |    50 |     9 ||    59
       Bite              |     2 |     1 ||     3
 Cast: Summon Small Mamm |    32 |     2 ||    34
       Call Imp          |    15 |     7 ||    22
       Call Canine Famil |       |    11 ||    11
  Use: Scroll            |       |     2 ||     2
 Stab: Sleeping          |     4 |       ||     4
       Distracted        |     1 |       ||     1
Armor: Skin              |     5 |       ||     5
Dodge: Dodged            |    54 |     5 ||    59

Table legend: (Time is in decaauts)
 A = Elapsed time spent in this place.
 B = Non-inter-level travel time spent in this place.
 C = Inter-level travel time spent in this place.
 D = Time resting spent in this place.
 E = Time spent auto-exploring this place.
 F = Levels seen in this place.
 G = Mean time per level.
                   A        B        C        D        E       F      G
               +--------+--------+--------+--------+--------+-----+--------+
         Total |   2439 |   2387 |     52 |    356 |    583 |   4 |  609.8 |
       Dungeon |   2439 |   2387 |     52 |    356 |    583 |   4 |  609.8 |
               +--------+--------+--------+--------+--------+-----+--------+

Top non-repeatable levels by time:
     D:2: 1317 daAuts
     D:3: 571 daAuts
     D:1: 512 daAuts
     D:4: 38 daAuts
